 Dungeon Crawl Stone Soup version 0.18-a0-1778-gadce9fa (webtiles) character file.

4391 Zhenya25pyc the Basher (level 10, -2/65 HPs)
             Began as a Gargoyle Fighter on Apr 16, 2016.
             Was a Believer of Makhleb.
             Slain by an orc warrior
             ... wielding a +4 trident
              (11 damage)
             ... on level 9 of the Dungeon.
             The game lasted 00:17:07 (6504 turns).

Zhenya25pyc the Basher (Gargoyle Fighter)           Turns: 6504, Time: 00:17:07

Health: -2/65      AC: 18    Str: 23    XL:     10   Next: 35%
Magic:  10/10      EV: 10    Int:  9    God:    Makhleb [**....]
Gold:   556        SH:  0    Dex:  9    Spells: 0 memorised, 9 levels left

rFire  . . .     SeeInvis .     E - +3 dire flail (curse)
rCold  . . .     Gourm    .     b - +0 scale mail
rNeg   + . .     Faith    .     (shield currently unavailable)
rPois  ∞         Spirit   .     (no helmet)
rElec  +         Dismiss  .     (no cloak)
rCorr  .         Reflect  .     J - +0 pair of gloves
SustAt .         Harm     .     R - +0 pair of boots
MR     .....     Rnd*Rage +     (no amulet)
Stlth  ..........               y - ring of flight
                                k - ring of loudness (curse)

@: exhausted, slowed, very slow, not resistant to hostile enchantments,
extremely unstealthy
A: berserk 1, negative energy resistance 1, electricity resistance, unbreathing,
petrification resistance, rot immunity, AC +7
a: Minor Destruction, Renounce Religion, Evoke Flight


You were on level 9 of the Dungeon.
You worshipped Makhleb.
Makhleb was pleased with you.
You were not hungry.

You visited 2 branches of the dungeon, and saw 10 of its levels.

You collected 556 gold pieces.

Inventory:

Hand Weapons
 E - a cursed +3 dire flail (weapon)
Missiles
 j - 7 tomahawks of returning (quivered)
Armour
 b - a +0 scale mail (worn)
 c - a +0 shield
 J - a +0 pair of gloves (worn)
 R - a +0 pair of boots (worn)
Jewellery
 k - a cursed ring of loudness (left hand)
 r - an uncursed ring of fire
 y - a ring of flight (right hand)
 Q - an uncursed amulet of faith {unknown}
Wands
 q - a wand of acid (8/15)
 x - a wand of acid (4/15)
 L - a wand of slowing (19/48)
 M - a wand of disintegration (11/24)
 N - a wand of disintegration (8/24)
 O - a wand of teleportation (5/9)
 S - a wand of iceblast (6/15)
Scrolls
 g - 2 scrolls of blinking {unknown}
 h - 3 scrolls of amnesia {unknown}
 l - 2 scrolls of fog {unknown}
 o - 3 scrolls of random uselessness {unknown}
 p - 5 scrolls of remove curse {unknown}
 s - 8 scrolls of identify {unknown}
 t - 2 scrolls of enchant weapon {unknown}
 u - 2 scrolls of noise {unknown}
 B - a scroll of recharging {unknown}
 C - 2 scrolls of teleportation {unknown}
Potions
 d - 2 potions of might
 e - 4 potions of haste {unknown}
 i - 2 potions of mutation {unknown}
 m - 2 potions of brilliance {unknown}
 n - 3 potions of curing {unknown}
 v - 2 potions of degeneration {unknown}
 w - a potion of lignification {unknown}
 z - 3 potions of agility
 D - a potion of berserk rage {unknown}
 F - 2 potions of flight {unknown}
 G - a potion of resistance {unknown}
 K - 2 potions of heal wounds {unknown}
Books
 a - a Fen Folio

   Spells                             Type                      Level
   a - Corpse Rot                     Necromancy                   2
   b - Stone Arrow                    Conjuration/Earth            3
   c - Leda's Liquefaction            Hexes/Earth                  4
   d - Summon Forest                  Summoning/Translocation      5
   e - Hydra Form                     Transmutation                6
   f - Summon Hydra                   Summoning                    7
 I - a book of Conjurations

   Spells                             Type                      Level
   a - Magic Dart                     Conjuration                  1
   b - Searing Ray                    Conjuration                  2
   c - Dazzling Spray                 Conjuration/Hexes            3
   d - Fulminant Prism                Conjuration/Hexes            4
   e - Iskenderun's Mystic Blast      Conjuration                  4
   f - Iskenderun's Battlesphere      Conjuration/Charms           5
 P - a book of Debilitation

   Spells                             Type                      Level
   a - Corona                         Hexes                        1
   b - Slow                           Hexes                        2
   c - Gell's Gravitas                Hexes/Translocation          3
   d - Inner Flame                    Hexes/Fire                   3
   e - Cause Fear                     Hexes                        4
   f - Leda's Liquefaction            Hexes/Earth                  4
Comestibles
 f - 10 bread rations
 H - 5 fruits


   Skills:
 + Level 8.7 Fighting
 * Level 10.8 Maces & Flails
 + Level 8.6 Armour
 - Level 3.2 Shields


You had 9 spell levels left.
You didn't know any spells.

Dungeon Overview and Level Annotations

Branches:
Dungeon (9/15)             Temple (1/1) D:7
   Lair: D:8-11         Orc: D:9-12

Altars:
Ashenzari
Cheibriados
Dithmenos
Elyvilon
Fedhas
Gozag
Kikubaaqudgha
Makhleb
Nemelex Xobeh
Okawaru
Pakellas
Qazlal
Ru
Sif Muna
Trog
Vehumet
Xom
Yredelemnul
Zin
The Shining One


Innate Abilities, Weirdness & Mutations

You are resistant to torment.
Your stone body is resilient (AC +7).
You are immune to poison.
You resist negative energy.
You are resistant to electric shocks.
You can survive without breathing.
You are immune to petrification.
You are immune to rotting.
You tend to lose your temper in combat.


Message History

You see here a meat ration.
You feel a strong urge to attack something.
The orc warrior shouts!
The orc priest mumbles some strange prayers to Beogh against you.
Pain shoots through your body!
* * * LOW HITPOINT WARNING * * *
The orc warrior hits you from afar with an enchanted trident.
* * * LOW HITPOINT WARNING * * *
The orc wizard mumbles some strange words.
The orc wizard blinks!
You see here a stone.
The orc priest hits you but does no damage.
A warg and an orc come into view.
Items here: ( ))) [[ ††††† You barely miss the orc warrior.
You are no longer berserk.
You are exhausted.
You feel yourself slow down.
The orc warrior hits you with an enchanted trident!
You die...

######.########
#..............
######.########
#.# #.## #..#
##%# #(# #@#
#...oo...[#
#.............#
#.#.......o.#.#
#.......o.#
#....###.o.#
#.... ....#
#####


ho... You could see a warg, 2 orc warriors, 2 orc priests and 2 orcs.

Vanquished Creatures
  Pikel (D:4)
  Joseph (D:8)
  A troll (D:6)
  A spriggan (D:7)
  A wyvern (D:8)
  A warg (D:9)
  An orc warrior (D:6)
  3 sky beasts
  An ice beast (D:5)
  A phantom (D:4)
  2 eyes of draining (D:7)
  3 centaurs
  4 ogres
  2 giant frogs
  5 killer bees (D:7)
  3 wights (D:6)
  A howler monkey (D:8)
  3 crimson imps
  A giant frog zombie (D:7)
  4 orc priests
  A centaur skeleton (D:4)
  A hound (D:6)
  2 jellies
  Jessica (D:3)
  Terence (D:2)
  2 iguanas
  5 orc wizards
  8 worker ants
  A hound zombie (D:8)
  A hound skeleton (D:5)
  2 worker ant zombies
  6 gnolls
  11 adders
  4 shadow imps
  2 oozes
  4 adder skeletons
  3 worms (D:2)
  A dart slug (D:2)
  4 giant geckos
  19 orcs
  5 giant cockroaches
  4 goblins
  7 hobgoblins
  6 jackals
  2 quokkas
  A ball python (D:5)
  11 bats
  4 giant newts
  12 kobolds
  2 rats (D:3)
173 creatures vanquished.

Vanquished Creatures (others)
  A wight (D:6)
  A hound (D:4)
  An iguana (D:4)
  A worker ant zombie (D:6)
  2 adders (D:4)
6 creatures vanquished.

Grand Total: 179 creatures vanquished

Notes
Turn   | Place    | Note
--------------------------------------------------------------
     0 | D:1      | Zhenya25pyc the Gargoyle Fighter began the quest for the Orb.
     0 | D:1      | Reached XP level 1. HP: 14/14 MP: 1/1
   162 | D:1      | Reached XP level 2. HP: 17/19 MP: 2/2
   492 | D:2      | Reached XP level 3. HP: 15/23 MP: 3/3
   735 | D:2      | Reached skill level 3 in Maces & Flails
   781 | D:2      | Reached XP level 4. HP: 28/29 MP: 4/4
   938 | D:2      | Noticed Terence
   946 | D:2      | Killed Terence
  1152 | D:3      | Reached XP level 5. HP: 31/33 MP: 5/5
  1232 | D:3      | Found a shadowy altar of Dithmenos.
  1465 | D:3      | Noticed Jessica
  1485 | D:3      | Killed Jessica
  1485 | D:3      | Reached skill level 4 in Maces & Flails
  1856 | D:4      | Noticed a slave
  1859 | D:4      | Noticed Pikel
  1860 | D:4      | Noticed a slave
  1862 | D:4      | Noticed a slave
  1866 | D:4      | Noticed a slave
  1876 | D:4      | HP: 1/34 [iguana (4)]
  1880 | D:4      | Killed Pikel
  1880 | D:4      | Reached skill level 5 in Fighting
  1880 | D:4      | Reached skill level 5 in Maces & Flails
  1880 | D:4      | Reached skill level 5 in Armour
  1880 | D:4      | Reached XP level 6. HP: 2/40 MP: 6/6
  1880 | D:4      | Reached XP level 7. HP: 2/44 MP: 7/7
  1881 | D:4      | Reached skill level 6 in Maces & Flails
  2711 | D:5      | Entered Level 5 of the Dungeon
  2832 | D:5      | Reached XP level 8. HP: 51/51 MP: 8/8
  3228 | D:5      | Reached skill level 7 in Maces & Flails
  3373 | D:5      | Found a glowing golden altar of the Shining One.
  3920 | D:6      | Reached skill level 8 in Maces & Flails
  4287 | D:6      | Noticed a troll
  4290 | D:6      | Killed a troll
  4290 | D:6      | Reached XP level 9. HP: 56/56 MP: 9/9
  4655 | D:6      | Found a snail-covered altar of Cheibriados.
  4800 | D:7      | Found a staircase to the Ecumenical Temple.
  4827 | Temple   | Entered the Ecumenical Temple
  4857 | Temple   | Became a worshipper of Makhleb the Destroyer
  4944 | D:7      | Reached skill level 9 in Maces & Flails
  5272 | D:7      | Found a bloodstained altar of Trog.
  5279 | D:7      | Reached * piety under Makhleb
  5610 | D:8      | Reached skill level 10 in Maces & Flails
  5620 | D:8      | Reached XP level 10. HP: 46/64 MP: 10/10
  5738 | D:8      | Reached ** piety under Makhleb
  5930 | D:8      | Gained mutation: You tend to lose your temper in combat. [mutagenic meat]
  6011 | D:8      | Noticed Joseph
  6021 | D:8      | Killed Joseph
  6504 | D:9      | Slain by an orc warrior

Vault maps used:
D:1:      roderic_crossed_star
D:2:      uniq_terence
D:3:      nicolae_dithmenos_shadow_blocks, first_bread, uniq_jessica
D:4:      uniq_pikel
D:5:      nicolae_tso_swordbearing_angel
D:6:      cheibriados_altar_wand_db, lemuel_flamethrower_2
D:7:      minmay_temple_entry_statues_pillars, the_bakery, trog_eyes_of_draining
D:8:      kennysheep_generic_room_12, uniq_joseph
D:9:      erik_lair_orcish_takeover, erik_orc_1, serial_shops,
          kennysheep_little_box
Temple:   grunt_wide_crystal_templ_18

Skill      XL: |  1  2  3  4  5  6  7  8  9 |
---------------+----------------------------+-----
Maces & Flails | 3 5 6 8 10 | 10.8
Fighting       | 4 5 6 8 |  8.7
Armour         | 4 5 7 8 |  8.6
Shields        | |  3.2

Action                   |  1- 3 |  4- 6 |  7- 9 | 10-12 || total
-------------------------+-------+-------+-------+-------++-------
Melee: Flail             |   164 |   117 |   181 |       ||   462
       Morningstar       |       |       |    73 |       ||    73
       Dire flail        |       |       |   235 |    93 ||   328
  Eat: Chunk             |       |     3 |     9 |     2 ||    14
       Bread ration      |       |       |     1 |       ||     1
       Meat ration       |       |       |       |     1 ||     1
Armor: Scale mail        |   118 |    51 |   239 |    48 ||   456
Dodge: Dodged            |    56 |    47 |   173 |    33 ||   309
Block: Shield            |   122 |    77 |   129 |       ||   328
